AoeStats
← OctopusRewind

Arabia

508796040Analyzed
1v1 RM · 9d ago on Sep 24, 2026· 65m 55s· 2 players
Game mode
Random Map
Map size
Tiny (2 player)
Population
200
Speed
Normal
Resources
Standard
Victory
Conquest
Starting age
Dark Age
Ending age
Imperial Age
RankedLock teamsTeams togetherTeam positionsShared explorationLock speedFull tech treeHidden civsTurbo modeCheats
Victory
Defeat
🇺🇸 Cumans · United States
476
+16
🇺🇸 Varangians · United States
479
-24
plouga
1:05 Loom
15:16 Feudal Age
16:28 Horse Collar
16:54 Double-Bit Axe
17:51 Wheelbarrow
17:02 Town Watch
18:41 Gold Mining
20:51 Bloodlines
28:41 Forging
28:38 Scale Barding Armor
32:28 Castle Age
30:30 Fletching
30:35 Stone Mining
32:42 Elite Skirmisher
32:43 Crossbowman
33:28 Thumb Ring
32:55 Light Cavalry
36:22 Steppe Husbandry
36:57 Hand Cart
36:43 Town Patrol
36:58 Bow Saw
37:20 Heavy Plow
38:00 Gold Shaft Mining
43:03 Imperial Age
41:01 Bodkin Arrow
42:13 Padded Archer Armor
42:49 Iron Casting
42:35 Chain Barding Armor
44:35 Ballistics
44:11 Murder Holes
44:27 Masonry
45:54 Two-Man Saw
45:39 Crop Rotation
51:37 Chemistry
50:40 Cuman Mercenaries
51:01 Conscription
51:19 Hoardings
51:29 Plate Barding Armor
51:09 Leather Archer Armor
51:56 Blast Furnace
51:51 Elite Steppe Lancer
55:27 Elite Kipchak
55:47 Heavy Cavalry Archer
56:55 Parthian Tactics
59:59 Hussar
61:33 Ring Archer Armor
OctopusRewind
1:53 Loom
15:03 Feudal Age
15:06 Man-at-Arms
16:30 Wheelbarrow
16:23 Town Watch
16:24 Horse Collar
17:09 Double-Bit Axe
19:40 Stone Mining
19:52 Gold Mining
21:44 Arson
22:50 Forging
22:42 Scale Mail Armor
22:33 Fletching
25:20 Padded Archer Armor
32:04 Scale Barding Armor
40:38 Bloodlines
44:26 Castle Age
45:25 Town Patrol
45:26 Light Cavalry
46:06 Husbandry
47:32 Iron Casting
47:12 Chain Mail Armor
47:18 Chain Barding Armor
47:14 Leather Archer Armor
46:54 Bodkin Arrow
46:54 Gambesons
46:31 Long Swordsman
46:34 Crossbowman
47:48 Bow Saw
48:24 Squires
47:45 Pikeman
51:16 Hand Cart
50:42 Elite Skirmisher
51:36 Vendel Legacy
56:32 Imperial Age
55:24 Heavy Plow
56:07 Stone Shaft Mining
58:43 Blast Furnace
57:21 Halberdier
59:42 Crop Rotation
59:52 Herbal Medicine
60:16 Fervor
61:04 Conscription
60:08 Gothikon
62:52 Plate Mail Armor
62:52 Ring Archer Armor
62:55 Two-Handed Swordsman
Connection lost

Rejoining the realm…

Still unreachable

The connection could not be restored.

Session expired

The server has moved on; the page needs a fresh start.